 Dungeon Crawl Stone Soup version 0.26-a0-966-gd078a86f14 (webtiles) character file.

Game seed: 7005542599408636092

5666 pablito the Martial Artist (level 10, -3/71 HPs)
             Began as an Octopode Transmuter on Dec 4, 2020.
             Was a Follower of Ru.
             Killed by divine providence
             ... invoked by an orc priest
              (14 damage)
             ... on level 9 of the Dungeon.
             The game lasted 00:41:58 (12237 turns).

pablito the Martial Artist (Octopode Transmuter)   Turns: 12237, Time: 00:41:58

Health: -3/71      AC:  3    Str: 14    XL:     10   Next: 75%
Magic:  11/16      EV: 17    Int: 16    God:    Ru [*.....]
Gold:   306        SH:  0    Dex: 15    Spells: 7/17 levels left

rFire    x . .     SeeInvis .   x - +9 dagger of Eroylac {venom, MR++ Str+4}
rCold    + . .     Faith    .   (no shield)
rNeg     . . .     Spirit   .   k - +2 hat
rPois    .         Reflect  .   (no amulet)
rElec    .         Harm     .   i - ring of flight
rCorr    .         Rampage  .   p - ring of wizardry
MR       ++...                  z - ring of ice
Stlth    ++++......             (no ring)
HPRegen  0.21/turn              (no ring)
MPRegen  0.15/turn              (no ring)
                                (no ring)
                                (no ring)

@: no scrolls, hasted, very quick
A: almost no armour, stealthy swim, amphibious, 8 rings, constrict 8, camouflage
1, gelatinous body 1, inability to read while threatened
a: Renounce Religion, Evoke Flight


You were on level 9 of the Dungeon.
You worshipped Ru.
Ru was aware of your devotion.
You visited 2 branches of the dungeon, and saw 10 of its levels.

You collected 461 gold pieces.
You spent 155 gold pieces at shops.

Inventory:

Hand Weapons
 x - the +9 dagger of Eroylac (weapon) {venom, MR++ Str+4}
   (You found it on level 8 of the Dungeon)

   It poisons the flesh of those it strikes.
   It affects your strength (+4).
   It affects your resistance to hostile enchantments.
Missiles
 h - 42 poisoned darts (quivered)
Armour
 k - a +2 hat (worn)
 v - a +0 tower shield
Jewellery
 i - a ring of flight (left tentacle)
 p - a ring of wizardry (right tentacle)
 z - a ring of ice (on tentacle)
Wands
 b - a wand of polymorph (10)
 l - a wand of acid (8)
 o - a wand of iceblast (4)
 q - a wand of disintegration (25)
 r - a wand of paralysis (5)
Scrolls
 a - 4 scrolls of fear
 d - 7 scrolls of identify
 f - 4 scrolls of remove curse
 g - a scroll of amnesia
 n - a scroll of teleportation
 u - a scroll of magic mapping
 w - 3 scrolls of enchant armour
 y - a scroll of blinking
Potions
 c - 3 potions of berserk rage
 e - 3 potions of flight
 j - 2 potions of cancellation
 s - a potion of ambrosia


   Skills:
 + Level 7.1 Fighting
 + Level 5.9 Dodging
 - Level 5.0 Stealth
 * Level 5.1 Shields
 * Level 8.4 Unarmed Combat
 - Level 4.0 Spellcasting
 + Level 7.1 Transmutations
 - Level 2.0 Poison Magic


You had 7 spell levels left.
You knew the following spells:

 Your Spells              Type           Power        Failure   Level
a - Wereblood             Tmut           ####....     1%          2
b - Spider Form           Tmut/Pois      ###.......   3%          3
c - Blade Hands           Tmut           ####......   11%         5

Your spell library contained the following spells:

 Spells                   Type           Power        Failure   Level
 Beastly Appendage        Tmut           ####..       1%          1
 Ice Form                 Ice/Tmut       ###.....     16%         4


Dungeon Overview and Level Annotations

Branches:
Dungeon (9/15)             Temple (1/1) D:7            Lair (0/6) D:9
    Orc: D:9-12

Altars:
Ashenzari
Cheibriados
Dithmenos
Elyvilon
Fedhas
Gozag
Hepliaklqana
Kikubaaqudgha
Makhleb
Nemelex Xobeh
Okawaru
Qazlal
Ru
Sif Muna
Trog
Uskayaw
Vehumet
Wu Jian
Xom
Yredelemnul
Zin
The Shining One

Shops:
D:8 [


Innate Abilities, Weirdness & Mutations

You cannot wear most types of armour.
You are very stealthy in the water. (Stealth+)
You are amphibious.
You can wear up to eight rings at the same time.
You can use your tentacles to constrict eight enemies at once.
Your skin changes colour to match your surroundings (Stealth+).
Your rubbery body absorbs attacks. (AC +1, EV +1)
You cannot read scrolls while threatened.


Message History

The orc misses you.
The orc priest begins to pray, but is stunned by your will!
Things that are here:
a +0 flail; a +0 plate armour; an orc corpse
There is an open door, spattered with blood here.
Things that are here:
a +0 falchion; a +0 chain mail The orc priest mumbles some strange prayers to Beogh against you.
Beogh smites you!
* * * LOW HITPOINT WARNING * * *
Items here: )) [[.
You feel better. The orc completely misses you. The orc misses you.
A hound comes into view.
You feel yourself speed up.
The hound barks!
The orc misses you. The orc hits you but does no damage.
The orc priest calls upon Beogh to heal something.
The orc priest calls down the wrath of Beogh upon you.
Beogh smites you!
You die...

####)#### #..)h...#
###########+## #.oo....# #
#......(.....# #)o.....#
###............# ###)......#
..)............# #.oo......#
###............###o#.......#
#............##..#.......#
#............'@.###+######
#............#### #
##+########### ## .# .## ..#
y.........# ..# y.........#
..# .y........#


You could see a hound, an orc priest and 5 orcs.

Vanquished Creatures
  Pikel (D:8)
  Grinder (D:3)
  Sigmund (D:4)
  A wyvern (D:9)
  5 yaks (D:9)
  2 basilisks (D:9)
  Grum (D:9)
  3 water moccasins (D:9)
  3 sky beasts
  3 orc warriors (D:9)
  3 ice beasts
  4 ogres
  2 wolves (D:9)
  A big kobold (D:8)
  4 bullfrogs
  A water moccasin zombie (D:8)
  2 scorpions
  A water moccasin skeleton (D:5)
  10 wights (D:7)
  A killer bee (D:9)
  A howler monkey (D:5)
  An electric eel (D:8)
  2 centaur zombies
  5 hounds
  A quasit (D:8)
  2 orc priests (D:3)
  A jelly (D:7)
  An orc wizard (D:3)
  A centaur skeleton (D:4)
  A gnoll shaman (D:2)
  An iguana (D:7)
  Ijyb (D:3)
  3 worker ants
  A hound skeleton (D:7)
  10 gnolls
  10 adders
  A shadow imp (D:5)
  A white imp (D:7)
  2 ufetubi
  An ooze (D:2)
  2 adder skeletons
  2 worms
  A dart slug (D:3)
  3 leopard geckos
  35 orcs
  A ball python (D:2)
  10 bats
  4 giant cockroaches
  4 goblins
  14 hobgoblins
  9 jackals
  9 kobolds
  3 quokkas
  3 frilled lizards
  A jackal skeleton (D:7)
  A quokka skeleton (D:4)
  A quokka zombie (D:8)
  9 rats
209 creatures vanquished.

Vanquished Creatures (others)
  A bush (D:9)
  5 fungi (D:9)
  17 plants (D:9)
23 creatures vanquished.

Grand Total: 232 creatures vanquished

Notes
Turn   | Place    | Note
-------+----------+-------------------------------------------
     0 | D:1      | pablito the Octopode Transmuter began the quest for the
                  | Orb.
     0 | D:1      | Reached XP level 1. HP: 13/13 MP: 3/3
   175 | D:1      | Reached XP level 2. HP: 17/18 MP: 3/5
   252 | D:1      | Reached skill level 1 in Stealth
  1084 | D:2      | Reached XP level 3. HP: 14/23 MP: 3/6
  1740 | D:2      | Reached XP level 4. HP: 29/29 MP: 5/7
  1822 | D:2      | Learned a level 3 spell: Spider Form
  2489 | D:3      | Noticed Ijyb
  2544 | D:3      | Killed Ijyb
  2545 | D:3      | Reached XP level 5. HP: 25/34 MP: 3/9
  2666 | D:3      | Noticed Grinder
  2684 | D:3      | Killed Grinder
  2685 | D:3      | Reached skill level 4 in Unarmed Combat
  2685 | D:3      | Reached XP level 6. HP: 29/41 MP: 7/10
  2976 | D:3      | Paralysed by a gnoll for 4 turns
  3481 | D:3      | Reached skill level 1 in Poison Magic
  3481 | D:3      | Reached XP level 7. HP: 35/46 MP: 9/12
  3590 | D:3      | Found a burning altar of Makhleb.
  4181 | D:4      | Found an iron altar of Okawaru.
  4371 | D:4      | Learned a level 5 spell: Blade Hands
  4828 | D:4      | Noticed Sigmund
  4865 | D:4      | Killed Sigmund
  5286 | D:5      | Entered Level 5 of the Dungeon
  5327 | D:4      | Reached skill level 5 in Stealth
  5327 | D:4      | Reached XP level 8. HP: 12/54 MP: 13/13
  5939 | D:5      | Reached skill level 5 in Unarmed Combat
  7283 | D:7      | Found a staircase to the Ecumenical Temple.
  7466 | Temple   | Entered the Ecumenical Temple
  7648 | Temple   | Became a worshipper of Ru the Awakened
  7797 | D:7      | Reached skill level 5 in Fighting
  7797 | D:7      | Reached skill level 5 in Transmutations
  8082 | D:7      | Found a hazy altar of Hepliaklqana.
  8096 | D:7      | Reached XP level 9. HP: 59/61 MP: 11/15
  8158 | D:7      | Found an ornate altar of the Wu Jian Council.
  8158 | D:7      | Found a snail-covered altar of Cheibriados.
  8162 | D:7      | Found a sparkling altar of Nemelex Xobeh.
  8162 | D:7      | Found a white marble altar of Elyvilon.
  8181 | D:7      | Reached skill level 6 in Unarmed Combat
  8181 | D:7      | Found a radiant altar of Vehumet.
  8181 | D:7      | Found a shadowy altar of Dithmenos.
  8266 | D:7      | Found a bloodstained altar of Trog.
  9618 | D:8      | Found Puarun's Armour Shoppe.
  9625 | D:8      | Bought a +1 hat for 110 gold pieces
  9625 | D:8      | Bought a +0 tower shield for 45 gold pieces
  9630 | D:8      | Gained mutation: You cannot read scrolls while threatened.
                  | [Ru sacrifice]
  9630 | D:8      | Reached * piety under Ru
  9855 | D:8      | Noticed Pikel
  9938 | D:8      | Killed Pikel
 10249 | D:8      | Reached skill level 7 in Unarmed Combat
 10387 | D:8      | Reached skill level 5 in Dodging
 10603 | D:8      | Got a brightly glowing dagger
 10604 | D:8      | Identified the +9 dagger of Eroylac {venom, MR++ Str+4}
                  | (You found it on level 8 of the Dungeon)
 10782 | D:8      | Found a shimmering blue altar of Sif Muna.
 10972 | D:9      | Reached XP level 10. HP: 66/69 MP: 16/16
 11674 | D:9      | Found a staircase to the Lair.
 11714 | D:9      | Reached skill level 8 in Unarmed Combat
 12000 | D:9      | Noticed Grum
 12031 | D:9      | Killed Grum
 12183 | D:9      | Learned a level 2 spell: Wereblood
 12215 | D:9      | Reached skill level 5 in Shields
 12223 | D:9      | HP: 5/71 [orc priest/divine providence (15)]
 12233 | D:9      | HP: 1/71 [orc priest/divine providence (16)]
 12237 | D:9      | Killed from afar by an orc priest

Illustrated notes

Levels and vault maps discovered:
D:1:      elethiomel_arrival_infinity_welcomes_careful_drivers,
          layout_loops_ring
D:2:      layout_loops_ring
D:3:      layout_loops_ring, lemuel_crystal_altar, uniq_ijyb, uniq_grinder
D:4:      layout_loops_corners, lemuel_coloured_pillars_altar, uniq_sigmund
D:5:      layout_basic, sigmund_army
D:6:      layout_basic
D:7:      layout_loops_ring, grunt_temple_overflow_open,
          minmay_temple_entry_statues, hangedman_decor_clover_reticule
D:8:      layout_basic, led_sif_pool, serial_shops, nicolae_shop_waterfront,
          kennysheep_pointless_box, st_stairs_14, uniq_pikel
D:9:      layout_roguey [special_room_orc], minmay_lair_entry_grove,
          hangedman_minor_magic, uniq_grum
Temple:   minmay_temple_curvy_loop

Skill      XL: |  1  2  3  4  5  6  7  8  9 10 |
---------------+-------------------------------+-----
Stealth        | 1 2 3 4 5 |  5.0
Fighting       | 2 3 4 5 6 7 |  7.1
Unarmed Combat | 4 5 7 8 |  8.4
Spellcasting   | 3 4 |  4.0
Transmutations | 3 4 5 6 7 |  7.1
Poison Magic   | 1 2 |  2.0
Dodging        | 3 5 |  5.9
Shields        | 2 5 |  5.1

Action                   |  1- 3 |  4- 6 |  7- 9 | 10-12 || total
-------------------------+-------+-------+-------+-------++-------
Melee: Unarmed           |    56 |    89 |   263 |    24 ||   432
       Kick              |    11 |    13 |     1 |       ||    25
       Constrict         |    13 |    17 |    27 |    16 ||    73
       Tentacles         |     6 |     8 |    21 |    18 ||    53
       Dagger            |       |       |     8 |    81 ||    89
       Punch             |       |       |     6 |    10 ||    16
Throw: Dart              |    18 |    63 |    25 |     4 ||   110
 Cast: Beastly Appendage |    23 |    14 |     1 |       ||    38
       Spider Form       |       |     6 |    31 |     1 ||    38
       Blade Hands       |       |       |    26 |     2 ||    28
       Wereblood         |       |       |       |     1 ||     1
Invok: Sacrifice Words   |       |       |     1 |       ||     1
Evoke: Wand              |       |       |     1 |       ||     1
  Use: Scroll            |       |       |    20 |     1 ||    21
       Potion            |       |       |     1 |     5 ||     6
 Stab: Sleeping          |     5 |       |     5 |       ||    10
       Distracted        |       |       |     1 |       ||     1
       Petrified         |       |       |       |     2 ||     2
       Petrifying        |       |       |       |     1 ||     1
Armor: Skin              |     4 |     3 |    12 |     4 ||    23
Dodge: Dodged            |    37 |    83 |   192 |    69 ||   381

Table legend: (Time is in decaauts)
 A = Elapsed time spent in this place.
 B = Non-inter-level travel time spent in this place.
 C = Inter-level travel time spent in this place.
 D = Time resting spent in this place.
 E = Time spent auto-exploring this place.
 F = Levels seen in this place.
 G = Mean time per level.
                   A        B        C        D        E       F      G
               +--------+--------+--------+--------+--------+-----+--------+
         Total |  12196 |  11912 |    284 |    898 |   8949 |  10 | 1219.6 |
       Dungeon |  11990 |  11734 |    256 |    898 |   8800 |   9 | 1332.2 |
        Temple |    205 |    177 |     28 |      0 |    149 |   1 |  205.0 |
               +--------+--------+--------+--------+--------+-----+--------+

Top non-repeatable levels by time:
     D:3: 1815 daAuts
     D:8: 1793 daAuts
     D:7: 1679 daAuts
     D:2: 1451 daAuts
     D:4: 1396 daAuts
     D:9: 1288 daAuts
     D:5: 1147 daAuts
     D:1: 865 daAuts
     D:6: 552 daAuts
  Temple: 205 daAuts
